 Dungeon Crawl Stone Soup version 0.29.1-12-g30fa7ad0bf (webtiles) character file.

Game seed: 1386591010668399037

14433 nachturnus the Cleaver (level 11, 0/82 HPs)
             Began as a Green Draconian Monk on Jan 10, 2023.
             Was an Elder of Dithmenos.
             Slain by a nine-headed hydra (8 damage)
             ... on level 10 of the Dungeon.
             The game lasted 00:39:33 (13578 turns).

nachturnus the Cleaver (Green Draconian Monk)      Turns: 13578, Time: 00:39:34

Health: 0/82       AC: 14    Str: 25    XL:     11   Next: 88%
Magic:  20/20      EV: 16    Int: 11    God:    Dithmenos [****..]
Gold:   902        SH:  0    Dex: 15    Spells: 10/10 levels left

rFire   + . .      SeeInvis .   C - +3 war axe (freeze)
rCold   . . .      Faith    .   (no shield)
rNeg    . . .      Spirit   .   (body armour unavailable)
rPois   +          Reflect  .   (helmet restricted)
rElec   .          Harm     .   l - +1 cloak
rCorr   .          Rampage  .   v - +0 pair of gloves {hurl}
Will    .....                   (no boots)
Stlth   ++++++....              H - amulet of the acrobat
HPRegen 0.23/turn               c - +6 ring of strength
MPRegen 0.17/turn               g - ring "Lukyriji" {Drain rF+ MP+9 AC+4 Str+3}

@: about to teleport, wreathed by umbra
A: breathe noxious fumes, AC +7, unfitting armour, poison resistance,
cold-blooded
a: Breathe Noxious Fumes, Renounce Religion, Shadow Step


You were on level 10 of the Dungeon.
You worshipped Dithmenos.
Dithmenos was greatly pleased with you.
You visited 2 branches of the dungeon, and saw 11 of its levels.
You also visited: Bailey.

You collected 940 gold pieces.
You spent 38 gold pieces at shops.

Inventory:

Hand Weapons
 u - a +4 war axe
 A - a +2 battleaxe
 C - a +3 war axe of freezing (weapon)
 J - a +0 broad axe
 K - a +8 dire flail of holy wrath
Missiles
 x - 6 javelins (quivered)
Armour
 j - a +1 pair of gloves
 l - a +1 cloak (worn)
 o - the +3 kite shield of Polytheism {rElec Dex+3}
   (You acquired it on level 9 of the Dungeon)

   Dex:       It affects your dexterity (+3).
   rElec:     It insulates you from electricity.
 v - a +0 pair of gloves of hurling (worn)
Jewellery
 c - a +6 ring of strength (left hand)
 e - a ring of fire
 g - the ring "Lukyriji" (right hand) {Drain rF+ MP+9 AC+4 Str+3}
   (You acquired it on level 3 of the Dungeon)

   [ring of protection]

   AC:        It affects your AC (+4).
   Str:       It affects your strength (+3).
   rF:        It protects you from fire.
   MP:        It affects your magic capacity (+9).
   Drain:     It drains your maximum health when unequipped.
 p - a ring of wizardry
 r - a ring of ice
 t - a ring of wizardry
 z - a +6 ring of dexterity
 F - a +6 ring of strength
 H - an amulet of the acrobat (around neck)
 M - a ring of magical power
Wands
 i - a wand of polymorph (3)
 E - a wand of acid (2)
 G - a wand of flame (8)
 I - a wand of roots (11)
Scrolls
 a - 6 scrolls of teleportation
 d - 3 scrolls of butterflies
 y - 4 scrolls of magic mapping
Potions
 b - 2 potions of ambrosia
 f - 4 potions of lignification
 h - a potion of resistance
 k - 5 potions of curing
 m - 2 potions of magic
 n - a potion of brilliance
 q - 2 potions of attraction
 s - 4 potions of flight
 w - a potion of might
 D - a potion of haste
 L - a potion of invisibility
 N - 3 potions of mutation {unknown}


   Skills:
 - Level 3.2 Fighting
 - Level 12.2(12.5) Axes
 + Level 4.1(8.9) Maces & Flails
 - Level 8.0 Dodging
 - Level 8.5 Stealth
 - Level 9.3 Shields


You had 10 spell levels left.
You didn't know any spells.
Your spell library contained the following spells:

 Spells                   Type           Power      Damage    Failure   Level
 Beastly Appendage        Tmut           0%         N/A       34%         1
 Slow                     Hex            0%         N/A       34%         1
 Confusing Touch          Hex            0%         N/A       71%         3
 Dazzling Flash           Conj/Hex       0%         N/A       71%         3
 Frozen Ramparts          Ice            0%         1d1       71%         3
 Spider Form              Tmut/Pois      0%         N/A       71%         3
 Teleport Other           Tloc           0%         N/A       71%         3
 Vampiric Draining        Necr           0%         2d6       71%         3
 Summon Lightning Spire   Summ/Air       0%         N/A       98%         4
 Agony                    Necr           0%         N/A       100%        5
 Silence                  Hex/Air        0%         N/A       100%        5
 Storm Form               Tmut/Air       0%         N/A       100%        7


Dungeon Overview and Level Annotations

Branches:
Dungeon (10/15)            Temple (1/1) D:7            Lair (0/5) D:8
 Bailey (visited)
    Orc: D:9-12

Altars:
Ashenzari
Cheibriados
Dithmenos
Elyvilon
Fedhas
Gozag
Hepliaklqana
Kikubaaqudgha
Makhleb
Nemelex Xobeh
Okawaru
Qazlal
Ru
Sif Muna
Trog
Uskayaw
Vehumet
Wu Jian
Xom
Yredelemnul
Zin
The Shining One

Shops:
D:4 :   D:8 *

Annotations:
D:10 Grum


Innate Abilities, Weirdness & Mutations

You can breathe blasts of noxious fumes.
Your lurid green scales are hard. (AC +7)
You cannot fit into any form of body armour.
Your system is resistant to poisons. (rPois)
You are cold-blooded and may be slowed by cold attacks.


Message History

You continue taking off the +3 kite shield of Polytheism {rElec Dex+3}.
You block the nine-headed hydra's attack.
The nine-headed hydra bites you!
The nine-headed hydra closely misses you.
You block the nine-headed hydra's attack. x2
The nine-headed hydra barely misses you.
The nine-headed hydra closely misses you.
The nine-headed hydra barely misses you.
The nine-headed hydra bites you!
You continue taking off the +3 kite shield of Polytheism {rElec Dex+3}.
The nine-headed hydra barely misses you. x2
The nine-headed hydra bites you but does no damage.
The nine-headed hydra bites you.
The nine-headed hydra barely misses you.
You block the nine-headed hydra's attack. x3
The nine-headed hydra bites you.
You finish taking off the +3 kite shield of Polytheism {rElec Dex+3}.
As you read the scroll of teleportation, it crumbles to dust.
You feel strangely unstable.
The nine-headed hydra barely misses you.
The nine-headed hydra bites you.
The nine-headed hydra bites you but does no damage.
The nine-headed hydra bites you. The nine-headed hydra bites you!
* * * LOW HITPOINT WARNING * * *
The nine-headed hydra bites you.
* * * LOW HITPOINT WARNING * * *
The nine-headed hydra bites you.
* * * LOW HITPOINT WARNING * * *
The nine-headed hydra bites you but does no damage.
The nine-headed hydra closely misses you.
You feel much better.
The nine-headed hydra bites you but does no damage.
The nine-headed hydra misses you. The nine-headed hydra bites you.
* * * LOW HITPOINT WARNING * * *
The nine-headed hydra closely misses you. x2
The nine-headed hydra bites you!
* * * LOW HITPOINT WARNING * * *
The nine-headed hydra barely misses you.
The nine-headed hydra bites you!
You die...

....###'###..[...).
.............###... ##
....................... #... ...
................... #... ##..
.........####..#.#. ..#.#####..
#######.## ##..... ........#.#
##.######.#.#. .$#.#.#.#.#
########..##.........
#.......D.###glD@....###.....####
#.#.#.#...>...######## #..#### #
#..........#### #### #
#.#.#.#|..## # #.......#.# #
###.......# # #########


You could see a nine-headed hydra, a komodo dragon and Grum.

Vanquished Creatures
  Josephine (D:9)
  3 two-headed ogres
  2 orc high priests (Bailey)
  Lodul (D:10)
  An ugly thing (D:10)
  A cyclops (D:10)
  2 gargoyles (D:10)
  An unseen horror (D:10)
  A komodo dragon (D:10)
  2 hornets
  A vampire (D:10)
  A shadow (D:10)
  5 wraiths
  A wyvern (D:10)
  2 yaks (D:10)
  Menkaure (D:5)
  2 water moccasins
  2 acid dragons (D:10)
  13 orc warriors
  4 sky beasts
  4 ice beasts
  10 ogres
  9 centaurs
  2 wolves (D:10)
  A phantom (D:7)
  A kobold brigand (D:10)
  2 bullfrogs
  2 gnoll sergeants
  2 scorpions
  10 wights
  3 killer bees (D:9)
  An electric eel (Bailey)
  8 howler monkeys
  7 hounds
  2 jellies
  5 orc priests
  2 iguanas
  Crazy Yiuf (D:3)
  6 orc wizards
  Natasha (thrice) (D:3)
  11 gnolls
  9 adders
  A white imp (D:7)
  A worm (D:3)
  4 dart slugs
  28 orcs
  7 endoplasms
  A giant cockroach (D:4)
  9 hobgoblins
  6 jackals (D:4)
  3 quokkas
  11 ball pythons
  5 bats (D:3)
  2 frilled lizards
  22 goblins
  11 kobolds
  4 rats (D:2)
263 creatures vanquished.

Vanquished Creatures (others)
  A butterfly (D:8)
  6 fungi (D:10)
  10 plants (D:8)
17 creatures vanquished.

Grand Total: 280 creatures vanquished

Notes
Turn   | Place    | Note
-------+----------+-------------------------------------------
     0 | D:1      | nachturnus the Draconian Monk began the quest for the Orb.
     0 | D:1      | Reached XP level 1. HP: 19/19 MP: 1/1
   244 | D:1      | Reached XP level 2. HP: 26/26 MP: 2/2
   631 | D:1      | Found a faded altar of an unknown god.
  1059 | D:2      | Reached skill level 4 in Axes
  1068 | D:2      | Reached XP level 3. HP: 17/31 MP: 3/3
  1224 | D:2      | Identified the +0 robe of the Leaf {Rampage Fly rElec rC-}
  1244 | D:2      | Got the Quarto of Planar Fog
  1252 | D:2      | Identified the +0 robe of Zuduoc {Str+2 SInv}
  1734 | D:3      | Reached XP level 4. HP: 24/38 MP: 4/4
  1860 | D:3      | Reached skill level 5 in Axes
  2566 | D:3      | Found a runed translucent door.
  2567 | D:3      | Noticed Crazy Yiuf
  2627 | D:3      | Noticed Natasha
  2639 | D:3      | Killed Natasha
  2813 | D:3      | Identified a scroll of acquirement
  2813 | D:3      | Acquired the ring "Lukyriji" {Drain rF+ MP+9 AC+4 Str+3}
  3022 | D:3      | Noticed Natasha
  3030 | D:3      | Killed Natasha
  3031 | D:3      | Reached XP level 5. HP: 44/45 MP: 5/5
  3062 | D:3      | Noticed Natasha
  3068 | D:3      | Killed Natasha
  3069 | D:3      | Reached skill level 6 in Axes
  3095 | D:3      | Killed Crazy Yiuf
  3477 | D:4      | Reached XP level 6. HP: 43/51 MP: 6/6
  3651 | D:4      | Reached skill level 7 in Axes
  3849 | D:4      | Identified the +0 scale mail "Wucraf" {Str+3}
  4098 | D:4      | Found Epnyopn's Tremendous Tomes.
  4186 | D:5      | Entered Level 5 of the Dungeon
  4385 | D:5      | Reached skill level 8 in Axes
  4385 | D:5      | Your scales start taking on a lurid green colour.
  4385 | D:5      | Reached XP level 7. HP: 31/57 MP: 7/7
  4385 | D:5      | Gained mutation: Your system is resistant to poisons.
                  | (rPois) [Green Draconian growth]
  4729 | D:5      | Noticed Menkaure
  5063 | D:5      | Reached skill level 9 in Axes
  5462 | D:6      | Reached XP level 8. HP: 60/63 MP: 8/8
  5732 | D:6      | Reached skill level 10 in Axes
  6230 | D:7      | Found a staircase to the Ecumenical Temple.
  6283 | Temple   | Entered the Ecumenical Temple
  6472 | Temple   | Became a worshipper of Dithmenos the Shadowed
  6472 | Temple   | Reached * piety under Dithmenos
  6472 | Temple   | Reached ** piety under Dithmenos
  6756 | D:7      | Reached skill level 11 in Axes
  7534 | D:8      | Found Avydom's Assorted Antiques.
  7538 | D:8      | Bought a scroll labelled NARYUL MOGEID for 38 gold pieces
  7574 | D:8      | Reached skill level 12 in Axes
  7696 | D:8      | Reached XP level 9. HP: 70/70 MP: 9/9
  8040 | D:8      | Found a white marble altar of Elyvilon.
  8259 | D:8      | Found a staircase to the Lair.
  8261 | D:8      | Noticed a komodo dragon
  8415 | D:8      | Reached skill level 5 in Dodging
  9339 | D:9      | Reached *** piety under Dithmenos
  9571 | D:9      | Reached XP level 10. HP: 75/77 MP: 10/10
  9573 | D:9      | Noticed a two-headed ogre
  9582 | D:9      | Killed a two-headed ogre
  9823 | D:9      | Found a flagged portal.
  9833 | Bailey   | Entered a bailey
 10010 | Bailey   | Reached skill level 5 in Stealth
 10079 | Bailey   | Noticed an orc high priest
 10224 | Bailey   | Killed an orc high priest
 10944 | Bailey   | Found an iron altar of Okawaru.
 10944 | Bailey   | Noticed an orc high priest
 10967 | Bailey   | Noticed a soul eater
 10967 | Bailey   | Killed an orc high priest
 11107 | Bailey   | Got the Lessons on Ice and Shapeshifting
 11192 | Bailey   | Noticed an orc knight
 11467 | D:9      | Acquired the +3 kite shield of Polytheism {rElec Dex+3}
 11477 | D:10     | Entered Level 10 of the Dungeon
 11487 | D:10     | Noticed Lodul
 11698 | D:5      | Killed Menkaure
 11699 | D:5      | Reached skill level 1 in Shields
 11982 | D:10     | Reached **** piety under Dithmenos
 11998 | D:10     | Killed Lodul
 11999 | D:10     | Reached XP level 11. HP: 70/82 MP: 11/11
 12134 | D:10     | Noticed Josephine
 12455 | D:9      | Reached skill level 5 in Shields
 12607 | D:9      | Killed Josephine
 12891 | D:10     | Noticed a green ugly thing
 13050 | D:10     | Noticed a two-headed ogre
 13056 | D:10     | Killed a two-headed ogre
 13065 | D:10     | Noticed a two-headed ogre
 13074 | D:10     | Killed a two-headed ogre
 13156 | D:10     | Noticed an eight-headed hydra
 13183 | D:10     | Noticed a boulder beetle
 13373 | D:10     | Reached skill level 1 in Maces & Flails
 13379 | D:10     | Killed a green ugly thing
 13551 | D:10     | Noticed Grum
 13578 | D:10     | Slain by a nine-headed hydra

Illustrated notes

Levels and vault maps discovered:
D:1:      lightli_arrival_statuegarden, layout_basic,
          hellmonk_ecumenical_altar_pennies_from_heaven
D:2:      layout_rooms
D:3:      layout_loops_cross, serial_rivers, chequers_serial_rivers_room_b,
          chequers_serial_rivers_micro_a, chequers_serial_rivers_small_3,
          chequers_serial_rivers_small_b, chequers_serial_rivers_large_a,
          chequers_serial_rivers_small_3, uniq_natasha, uniq_crazy_yiuf_cottage
D:4:      layout_rooms, nicolae_shop_i_like_big_books,
          chequers_serial_rivers_room_b
D:5:      layout_basic, uniq_menkaure
D:6:      layout_basic
D:7:      layout_layer_cave, minmay_temple_entry_waves, grunt_ministairs_1,
          chequers_arboretum
D:8:      layout_loops_corners, nicolae_elyvilon_peaceful_grove,
          david_lair_shrubbed, serial_shops, nicolae_shop_hallway_stairs
D:9:      layout_cave_pools, enter_bailey_7
D:10:     minmay_the_grid_octo_tiled_squarecenter
          [minmay_the_grid_octo_odd_swirl, minmay_the_grid_octo_empty,
          minmay_the_grid_octo_checkerflower,
          minmay_the_grid_octo_thin_diamonds,
          minmay_the_grid_square_5x5_megaprize_hollow,
          minmay_the_grid_square_5x5_fat_x, minmay_the_grid_square_5x5_inset,
          minmay_the_grid_square_5x5_tetrominoes,
          minmay_the_grid_square_5x5_shuriken], layout_rooms, serial_glass,
          glass_columns_a, glass_columns_b, glass_columns_a,
          minmay_misc_feat_plants, uniq_grum, uniq_josephine, uniq_lodul
Temple:   minmay_crystal_snake_temple

Skill      XL: |  1  2  3  4  5  6  7  8  9 10 11 |
---------------+----------------------------------+-----
Axes           | 4 5 6 8 9 12 | 12.2
Dodging        | 8 |  8.0
Stealth        | 8 |  8.5
Shields        | 3 9 |  9.3
Maces & Flails | 4 |  4.1
Fighting       | |  3.2

Action                   |  1- 3 |  4- 6 |  7- 9 | 10-12 || total
-------------------------+-------+-------+-------+-------++-------
Melee: Hand axe          |   103 |   164 |       |       ||   267
       Tailslap          |    11 |    30 |    36 |    58 ||   135
       Punch             |     2 |     6 |     2 |     3 ||    13
       War axe           |       |    19 |   320 |   304 ||   643
  Use: Scroll            |     3 |     9 |    11 |     9 ||    32
       Potion            |       |     1 |       |     6 ||     7
 Stab: Sleeping          |     5 |     4 |     7 |     5 ||    21
       Distracted        |       |     1 |     1 |     1 ||     3
Armor: Skin              |    23 |    56 |   119 |    60 ||   258
Dodge: Dodged            |    59 |   127 |   191 |   212 ||   589
Block: Kite shield       |       |       |       |   160 ||   160
